 Dungeon Crawl Stone Soup version 0.32-a0-938-g40ac7a0f4d (webtiles) character file.

Game seed: 15645617768222409219

1211 mopl the Insei (level 8, -14/54 HPs)
             Began as an Octopode Shapeshifter on Apr 15, 2024.
             Was a Believer of Uskayaw.
             Killed from afar by a steam dragon (18 damage)
             ... with a ball of steam
             ... on level 6 of the Dungeon.
             The game lasted 00:05:40 (4386 turns).

mopl the Insei (Octopode Shapeshifter)              Turns: 4386, Time: 00:05:41

Health: -14/54     AC:  1    Str: 13    XL:     8   Next: 46%
Magic:  10/10      EV: 11    Int: 12    God:    Uskayaw [**....]
Gold:   85         SH:  7    Dex: 14    Spells: 4/7 levels left

rFire   . .          .
                       - Unarmed
rCold   . . .        t - +0 kite shield
rNeg    . . .        (helmet currently unavailable)
rPois   .            (no amulet)
rElec   .            o - ring of wizardry
rCorr   .            (no ring)
SInv    .            (no ring)
Will    .....        (no ring)
Stlth   ++           (no ring)
HPRegen 0.29/turn    (no ring)
MPRegen 0.12/turn    (no ring)
                     (no ring)

%: wizardry (x1)
@: beast-form
A: beast (slay +3), almost no armour, amphibious, 8 rings, camouflage 1,
gelatinous body 1, (nimble swimmer 1), tentacles
a: Begin Untransformation, Renounce Religion, Stomp, Line Pass


You were on level 6 of the Dungeon.
You worshipped Uskayaw.
Uskayaw was noncommittal.
You were a hulking beast.
You visited 2 branches of the dungeon, and saw 7 of its levels.

You collected 293 gold pieces.
You spent 208 gold pieces at shops.

Inventory:

Missiles
 i - 14 poisoned darts (quivered)
 r - a throwing net
 u - 6 boomerangs
Armour
 t - a +0 kite shield (worn)
Jewellery
 o - a ring of wizardry (left tentacle)
Talismans
 b - a beast talisman (active)
 c - a flux talisman
 w - a serpent talisman
Wands
 y - a wand of warping (14)
Scrolls
 d - 2 scrolls of summoning {unknown}
 e - a scroll of enchant armour {unknown}
 f - a scroll of identify
 g - 3 scrolls of noise {unknown}
 h - a scroll of silence {unknown}
 l - 2 scrolls of teleportation
 m - a scroll of fear {unknown}
 q - 5 scrolls of fog
 s - a scroll of enchant weapon {unknown}
 B - a scroll of amnesia
 C - a scroll of immolation
Potions
 a - 3 potions of lignification {!q}
 j - a potion of heal wounds
 k - a potion of enlightenment
 n - a potion of cancellation
 p - a potion of resistance
 v - 2 potions of berserk rage {!q}
 x - a potion of attraction
 z - a potion of invisibility
 A - a potion of might


   Skills:
 + Level 3.6 Fighting
 + Level 4.2 Dodging
 * Level 6.1 Unarmed Combat
 + Level 3.2 Invocations
 * Level 5.7 Shapeshifting


You had 4 spell levels left.
You knew the following spells:

 Your Spells              Type           Power      Damage    Failure   Level
p - Passwall              Erth           0%         N/A       82%         3

Your spell library contained the following spells:

 Spells                   Type           Power      Damage    Failure   Level
 Sting                    Conj/Alch      0%         1d3       45%         1
 Ensorcelled Hibernation  Hex/Ice        0%         N/A       61%         2
 Mercury Vapours          Alch/Air       0%         N/A       61%         2
 Swiftness                Air            0%         N/A       82%         3
 Olgreb's Toxic Radiance  Alch           0%         N/A       99%         4
 Haunt                    Necr/Summ      0%         N/A       100%        7
 Borgnjor's Revivificati  Necr           0%         N/A       100%        8
 Death's Door             Necr           0%         N/A       100%        9


Dungeon Overview and Level Annotations

Branches:
Dungeon (6/15)             Temple (1/1) D:4

Altars:
Ashenzari
Cheibriados
Dithmenos
Elyvilon
Fedhas
Gozag
Hepliaklqana
Kikubaaqudgha
Makhleb
Nemelex Xobeh
Okawaru
Qazlal
Ru
Sif Muna
Trog
Uskayaw
Vehumet
Wu Jian
Xom
Yredelemnul
Zin
The Shining One

Shops:
D:1 [   D:6 ?

Portals:
Abyss: D:5

Annotations:
D:3 1 runed translucent door, Xtruder99's ghost, amateur GnSh
D:5 2 transporters, Swamplord's ghost, weakling MDDe


Innate Abilities, Weirdness & Mutations

You are a hulking beast.
Your limbs bulge with bestial killing power. (Slay +3)
You cannot wear most types of armour.
You are amphibious.
You can wear up to eight rings at the same time.
Your skin changes colour to match your surroundings (Stealth+).
Your rubbery body absorbs attacks. (AC +1, EV +1)
((You are camouflaged when in or above water. (Stealth+)))
You have tentacles for arms and can constrict up to eight enemies at once.


Message History

The black bear is moderately wounded.
You constrict the black bear! The black bear bites you.
You block the black bear's attack. The black bear closely misses you.
You tentacle-slap the black bear. x2; You squeeze the black bear.
The black bear is almost dead.
You constrict the black bear!
You kill the black bear!
You can now pass through a line of other dancers.
No target in view!
A steam dragon comes into view.
A steam dragon is nearby!
The steam dragon hisses angrily.
You tentacle-slap the steam dragon.
The steam dragon is moderately wounded.
The steam dragon breathes steam at you. The ball of steam hits you!
You bludgeon the steam dragon!
The steam dragon is heavily wounded.
You are engulfed in a cloud of scalding steam.
The steam dragon completely misses you. You block the steam dragon's attack.
You bludgeon the steam dragon!
The steam dragon is severely wounded.
You are engulfed in a cloud of scalding steam.
The steam dragon closely misses you. The steam dragon claws you.
* * * LOW HITPOINT WARNING * * *
You can now pass through a line of other dancers.
You are too injured to fight recklessly!
You are too injured to fight recklessly!
Unknown command.
You tentacle-slap the steam dragon. Your squeeze misses the steam dragon.
The steam dragon is almost dead.
You are engulfed in a cloud of scalding steam.
* * * LOW HITPOINT WARNING * * *
The steam dragon bites you.
* * * LOW HITPOINT WARNING * * *
The steam dragon closely misses you. The steam dragon breathes steam at you.
The ball of steam hits you!!
You die...
Your body falls in perfect tune with the rhythm.

#.# ##...#.(.#..# ##### ##.#
#....#..[#..# #######≈≈≈# ...#
#....#.()#..#####.......∩≈# ####
#....#####........#####≈≈≈#
###.........####.## ##.##
#.........# #.# #.#
#####..##.##§### #.# ###.#
##...).......§§§# #.# #...##
####...###.##.##h#.###.#####.#...
...).#...##.#.#D##...............
####...#.# #...# #####.######..##
#####.##.# #.########.# #..#
......##.# #..........# #..##
####..##.# # ########## #....
####..##.# #.### ......##.# #.#
#####.##.# ################.#


You could see a steam dragon (catching breath).

Vanquished Creatures
  A wraith (D:5)
  A water moccasin (D:6)
  Duvessa (D:5)
  A black bear (D:6)
  A sky beast (D:6)
  An ogre (D:5)
  2 scorpions (D:5)
  Dowan (D:5)
  A bombardier beetle (D:6)
  2 hounds
  Terence (D:3)
  An iguana (D:5)
  5 orc wizards
  6 adders
  A shadow imp (D:5)
  A white imp (D:6)
  A ribbon worm (D:4)
  2 dart slugs
  12 orcs
  6 ball pythons
  7 endoplasms
  5 giant cockroaches
  8 goblins
  5 hobgoblins
  2 bats
  3 frilled lizards
  7 kobolds
  6 rats
91 creatures vanquished.

Notes
Turn   | Place    | Note
-------+----------+-------------------------------------------
     0 | D:1      | mopl the Octopode Shapeshifter began the quest for the Orb.
     0 | D:1      | Reached XP level 1. HP: 13/13 MP: 1/1
    77 | D:1      | Reached XP level 2. HP: 10/18 MP: 2/2
   166 | D:1      | Found Idoulel's Armour Emporium.
   310 | D:1      | Reached XP level 3. HP: 21/23 MP: 3/3
   533 | D:1      | Found a faded altar of an unknown god.
  1613 | D:3      | Noticed Terence
  1633 | D:3      | Killed Terence
  1634 | D:3      | Reached XP level 4. HP: 20/29 MP: 4/4
  1685 | D:3      | Found a blossoming altar of Fedhas.
  1693 | D:3      | Found a sacrificial altar of Ru.
  1696 | D:3      | Found a radiant altar of Vehumet.
  1696 | D:3      | Found an iron altar of Okawaru.
  1792 | D:3      | Found a runed translucent door.
  1792 | D:3      | Noticed Xtruder99's ghost (amateur GnSh)
  2004 | D:4      | Found a white marble altar of Elyvilon.
  2170 | D:4      | Reached skill level 4 in Unarmed Combat
  2177 | D:4      | Found a staircase to the Ecumenical Temple.
  2185 | D:4      | Reached XP level 5. HP: 34/34 MP: 5/5
  2196 | Temple   | Entered the Ecumenical Temple
  2209 | Temple   | Became a worshipper of Uskayaw the Reveller
  2241 | D:4      | Reached skill level 4 in Shapeshifting
  2261 | D:4      | Reached * piety under Uskayaw
  2262 | D:4      | Reached ** piety under Uskayaw
  2433 | D:5      | Entered Level 5 of the Dungeon
  2435 | D:5      | Noticed Dowan
  2435 | D:5      | Noticed Duvessa
  2446 | D:5      | Reached *** piety under Uskayaw
  2447 | D:5      | Killed Duvessa
  2448 | D:5      | Reached skill level 2 in Fighting
  2448 | D:5      | Reached skill level 3 in Dodging
  2448 | D:5      | Reached skill level 1 in Invocations
  2448 | D:5      | Reached XP level 6. HP: 2/39 MP: 6/6
  2452 | D:4      | Reached **** piety under Uskayaw
  2715 | D:5      | Killed Dowan
  2926 | D:5      | Reached XP level 7. HP: 45/45 MP: 8/8
  2941 | D:5      | Reached skill level 5 in Unarmed Combat
  2941 | D:5      | Reached skill level 2 in Invocations
  3110 | D:5      | Found a shimmering blue altar of Sif Muna.
  3163 | D:5      | Noticed a wraith
  3179 | D:5      | Killed a wraith
  3180 | D:5      | Reached skill level 3 in Fighting
  3180 | D:5      | Reached skill level 5 in Shapeshifting
  3367 | D:5      | Found a one-way gate to the infinite horrors of the Abyss.
  3367 | D:5      | Noticed a small abomination
  3371 | D:5      | Found a transporter.
  3377 | D:5      | Noticed a small abomination
  3651 | D:5      | Found a transporter.
  3651 | D:5      | Noticed Swamplord's ghost (weakling MDDe)
  3922 | D:6      | Reached XP level 8. HP: 52/52 MP: 10/10
  3957 | D:6      | Learned a level 3 spell: Passwall
  4083 | D:6      | Reached skill level 4 in Dodging
  4083 | D:6      | Reached skill level 3 in Invocations
  4310 | D:6      | Reached skill level 6 in Unarmed Combat
  4339 | D:6      | Found Ryurgh's Magic Scroll Shop.
  4347 | D:6      | Bought a scroll of fog for 52 gold pieces
  4347 | D:6      | Bought a scroll of identify for 26 gold pieces
  4347 | D:6      | Bought a scroll of amnesia for 52 gold pieces
  4347 | D:6      | Bought a scroll of immolation for 52 gold pieces
  4347 | D:6      | Bought a scroll of identify for 26 gold pieces
  4386 | D:6      | Killed from afar by a steam dragon

Illustrated notes

Levels and vault maps discovered:
D:1:      saegor_arrival_under_anarchy, layout_rooms, serial_shops, shop,
          hellmonk_ecumenical_altar_heavens_door, minivault_14, st_stairs_13,
          minmay_ruptured
D:2:      layout_basic
D:3:      layout_rooms, grunt_temple_overflow_open,
          hellmonk_ghost_happy_afterlife, uniq_terence
D:4:      layout_basic, elyvilon_altar_5, minmay_temple_entry_arrows
D:5:      layout_loops_ring, tgw_sif, gammafunk_ghost_abyssal_escape,
          abandoned_shop, columned_hall_lemuel, uniq_duvessa
D:6:      layout_loops_ring, serial_shops, nicolae_shop_tiny_waterfront,
          due_unseen_surprise
Temple:   compressed_dpeg_triangle_lava_temple

Skill      XL: |  1  2  3  4  5  6  7  8 |
---------------+-------------------------+-----
Unarmed Combat | 4 5 6 |  6.1
Shapeshifting  | 4 5 |  5.7
Fighting       | 2 3 |  3.6
Dodging        | 3 4 |  4.2
Invocations    | 1 2 3 |  3.2

Action                     |  1- 3 |  4- 6 |  7- 9 || total
---------------------------+-------+-------+-------++-------
  Melee: Unarmed           |    76 |    55 |    56 ||   187
         Constrict         |    19 |    19 |    13 ||    51
         Tentacles         |    13 |    12 |    14 ||    39
         Punch             |     3 |     3 |     9 ||    15
   Cast: Passwall          |       |       |     2 ||     2
    Use: Potion            |       |       |     4 ||     4
         Scroll            |       |       |     7 ||     7
   Stab: Sleeping          |     9 |     3 |     2 ||    14
         Paralysed         |       |     1 |     1 ||     2
 Armour: Skin              |    26 |    18 |    33 ||    77
  Dodge: Dodged            |    29 |    22 |    19 ||    70
  Block: Kite shield       |       |    10 |    13 ||    23

Table legend: (Time is in decaauts)
 A = Elapsed time spent in this place.
 B = Non-inter-level travel time spent in this place.
 C = Inter-level travel time spent in this place.
 D = Time resting spent in this place.
 E = Time spent auto-exploring this place.
 F = Levels seen in this place.
 G = Mean time per level.
                   A        B        C        D        E       F      G
               +--------+--------+--------+--------+--------+-----+--------+
         Total |   4403 |   4242 |    161 |    613 |   2923 |   7 |  629.0 |
       Dungeon |   4377 |   4230 |    147 |    613 |   2923 |   6 |  729.5 |
        Temple |     26 |     13 |     13 |      0 |      0 |   1 |   26.0 |
               +--------+--------+--------+--------+--------+-----+--------+

Top non-repeatable levels by time:
     D:5: 1180 daAuts
     D:2: 831 daAuts
     D:4: 670 daAuts
     D:1: 657 daAuts
     D:6: 548 daAuts
     D:3: 488 daAuts
  Temple: 26 daAuts
